 Dungeon Crawl Stone Soup version 0.31.0-32-g396128a36d (webtiles) character file.

Game seed: 16047397865449835818

55912 TacoSundae the Grappler (level 14, -1/91 HPs)
             Began as a Vine Stalker Shapeshifter on Apr 6, 2024.
             Was the Champion of Makhleb.
             Slain by a yak (2 damage)
             ... while petrified by a basilisk
             ... on level 5 of the Lair of Beasts.
             The game lasted 01:21:35 (15365 turns).

TacoSundae the Grappler (VSSh)                     Turns: 15365, Time: 01:21:36

Health: -1/91      AC: 10    Str: 25    XL:     14   Next: 79%
Magic:  0/21       EV:  1    Int: 10    God:    Makhleb [******]
Gold:   2269       SH:  0    Dex: 16    Spells: 13/13 levels left

rFire   . .          .
                       - Unarmed
rCold   . . .        (shield currently unavailable)
rNeg    + + +        m - melded +2 troll leather armour
rPois   ∞            (helmet currently unavailable)
rElec   .            (cloak currently unavailable)
rCorr   +            (gloves currently unavailable)
SInv    .            (boots currently unavailable)
Will    .....        b - amulet of regeneration
Stlth   ++           u - ring of poison resistance
HPRegen 1.95/turn    i - +5 ring of evasion
MPRegen 0.17/turn

%: guardian spirit
@: snake-form, petrified
A: constrict, boosted hp, large, (fangs 3), regeneration 1, magic shield,
(antimagic bite), no potion heal 2
a: Begin Untransformation, Renounce Religion, Minor Destruction, Lesser Servant
of Makhleb, Major Destruction, Greater Servant of Makhleb


You were on level 5 of the Lair of Beasts.
You worshipped Makhleb.
Makhleb was exalted by your worship.
You were an enormous serpent.
You visited 3 branches of the dungeon, and saw 17 of its levels.
You also visited: Sewer and Bailey.

You collected 2269 gold pieces.

Inventory:

Hand Weapons
 r - the +3 dagger "Ceycimis" {freeze, rPois rN+ Will+ Stlth+}
   (You found it on level 3 of the Dungeon)

   rPois:     It protects you from poison rN+: It protects you from negative
   energy.
   Will+:     It increases your willpower.
   Stlth+:    It makes you more stealthy.
Missiles
 g - 5 throwing nets
 z - 74 poisoned darts (quivered)
 A - a curare-tipped dart
Armour
 j - a +3 leather armour of fire resistance
 m - a +2 troll leather armour (melded)
 t - a +0 pair of gloves
 w - a +1 cloak
 J - a +0 pair of boots of flying
Magical Staves
 p - a staff of air
Jewellery
 b - an amulet of regeneration (around neck)
 e - a +6 ring of dexterity
 i - a +5 ring of evasion (right hand)
 k - a ring of resist corrosion
 q - a ring of flight
 u - a ring of poison resistance (left hand)
 E - a ring of fire
 M - a ring of willpower
Talismans
 c - a beast talisman
 d - a flux talisman
 O - the serpent talisman "Paocha" (active) {rN++ Will- rCorr Stlth+}
   (You found it on level 3 of the Lair of Beasts)

   [serpent talisman]

   rN++:      It greatly protects you from negative energy.
   Will-:     It decreases your willpower.
   rCorr:     It protects you from acid and corrosion.
   Stlth+:    It makes you more stealthy.
Wands
 v - a wand of iceblast (15)
 F - a wand of quicksilver (5)
 L - a wand of polymorph (12)
 R - a wand of digging (4)
Scrolls
 h - 7 scrolls of enchant armour
 n - a scroll of revelation
 y - 2 scrolls of summoning
 G - 2 scrolls of fog
 H - 2 scrolls of amnesia
 I - 5 scrolls of teleportation
 Q - 2 scrolls of identify
 S - a scroll of blinking
 T - a scroll of vulnerability
Potions
 a - a potion of mutation
 f - 9 potions of curing
 l - 3 potions of lignification
 o - 6 potions of enlightenment
 s - 4 potions of brilliance
 x - 6 potions of attraction
 B - a potion of cancellation
 C - 2 potions of might
 D - a potion of resistance
 K - 2 potions of haste
 N - a potion of berserk rage
 P - a potion of magic {unknown}


   Skills:
 + Level 9.7 Fighting
 + Level 9.0 Dodging
 + Level 14.6 Unarmed Combat
 + Level 8.7 Invocations
 + Level 12.4 Shapeshifting


You had 13 spell levels left.
You didn't know any spells.
Your spell library contained the following spells:

 Spells                   Type           Power      Damage    Failure   Level
 Apportation              Tloc           0%         N/A       36%         1
 Necrotise                Necr           0%         1d4       36%         1
 Sandblast                Erth           0%         2d4       36%         1
 Sting                    Conj/Alch      0%         1d3       36%         1
 Summon Small Mammal      Summ           0%         N/A       36%         1
 Cigotuvi's Dreadful Rot  Necr/Alch/Air  0%         N/A       50%         2
 Mercury Vapours          Alch/Air       0%         N/A       50%         2
 Dazzling Flash           Conj/Hex       0%         N/A       75%         3
 Fugue of the Fallen      Necr           0%         N/A       75%         3
 Hailstorm                Conj/Ice       0%         3d5       75%         3
 Mephitic Cloud           Conj/Alch/Air  0%         N/A       75%         3
 Ozocubu's Armour         Ice            0%         N/A       75%         3
 Passwall                 Erth           0%         N/A       75%         3
 Stone Arrow              Conj/Erth      0%         3d7       75%         3
 Summon Ice Beast         Ice/Summ       0%         N/A       75%         3
 Vampiric Draining        Necr           0%         2d6       75%         3
 Volatile Blastmotes      Fire/Tloc      0%         2d10      75%         3
 Animate Armour           Summ/Erth      0%         N/A       98%         4
 Brom's Barrelling Bould  Conj/Erth      0%         2d3       98%         4
 Fulminant Prism          Conj/Alch      0%         3d5       98%         4
 Ignite Poison            Fire/Alch      0%         N/A       98%         4
 Iskenderun's Mystic Bla  Conj/Tloc      0%         2d3       98%         4
 Manifold Assault         Tloc           0%         N/A       98%         4
 Martyr's Knell           Necr/Summ      0%         N/A       98%         4
 Olgreb's Toxic Radiance  Alch           0%         N/A       98%         4
 Summon Lightning Spire   Summ/Air       0%         N/A       98%         4
 Vhi's Electric Charge    Tloc/Air       0%         N/A       98%         4
 Arcjolt                  Conj/Air       0%         1d10      100%        5
 Curse of Agony           Necr           0%         N/A       100%        5
 Freezing Cloud           Conj/Ice/Air   0%         6-21      100%        5
 Lee's Rapid Deconstruct  Erth           0%         3d4*      100%        5
 Metabolic Englaciation   Hex/Ice        0%         N/A       100%        5
 Eringya's Noxious Bog    Alch           0%         4d6       100%        6
 Plasma Beam              Fire/Air       0%         2x1d10    100%        6
 Sculpt Simulacrum        Ice/Alch       0%         N/A       100%        6
 Starburst                Conj/Fire      0%         6d3       100%        6
 Maxwell's Capacitive Co  Air            0%         ∞         100%        8


Dungeon Overview and Level Annotations

Branches:
Dungeon (11/15)            Temple (1/1) D:7            Lair (5/5) D:10
 Shoals (0/4) Lair:2        Snake (0/4) Lair:3          Orc (0/2) D:11
  Sewer (visited)          Bailey (visited)
  Slime: Lair:4-5

Altars:
Ashenzari
Cheibriados
Dithmenos
Elyvilon
Fedhas
Gozag
Hepliaklqana
Kikubaaqudgha
Makhleb
Nemelex Xobeh
Okawaru
Qazlal
Ru
Sif Muna
Trog
Uskayaw
Vehumet
Wu Jian
Xom
Yredelemnul
Zin
The Shining One

Shops:
D:8 *

Annotations:
D:4 1 runed translucent door, toela's ghost, amateur GnSh
D:5 1 runed translucent door, Crazy Yiuf
D:10 4 runed translucent doors


Innate Abilities, Weirdness & Mutations

You are an enormous serpent.
You have a powerful constriction melee attack.
Your maximum health is increased.
Your armour is entirely melded.
You are incapable of wielding weapons or throwing items.
((You have razor-sharp teeth.))
Your natural rate of healing is unusually fast.
When hurt, damage is shared between your health and your magic reserves.
((Your bite disrupts and absorbs the magic of your enemies.))
Potions cannot restore your health.


Message History

The wyvern bites you but does no damage.
The water moccasin bites you but does no damage.
The yak gores you but does no damage. The wyvern bites you!
The water moccasin bites you but does no damage.
The wyvern bites you! The yak gores you! The wyvern bites you!
The water moccasin bites you but does no damage.
The wyvern bites you! x2; The yak gores you but does no damage.
The cane toad stings you.
The water moccasin bites you but does no damage.
The wyvern bites you but does no damage.
The wyvern bites you! x2; The water moccasin bites you.
The cane toad stings you! The yak gores you!
The wyvern bites you! x2; The water moccasin bites you.
The cane toad stings you! The wyvern bites you!
The yak gores you but does no damage. The wyvern bites you.
The water moccasin bites you but does no damage.
The cane toad stings you. The wyvern bites you!
* * * LOW HITPOINT WARNING * * *
The wyvern bites you but does no damage.
The water moccasin bites you.
* * * LOW HITPOINT WARNING * * *
The yak gores you but does no damage.
The wyvern bites you but does no damage.
The cane toad stings you!
* * * LOW HITPOINT WARNING * * *
The wyvern bites you but does no damage.
The water moccasin barely misses you. The wyvern bites you!
* * * LOW HITPOINT WARNING * * *
The yak gores you!
* * * LOW HITPOINT WARNING * * *
The cane toad stings you!!
* * * LOW HITPOINT WARNING * * *
The wyvern bites you.
The water moccasin bites you but does no damage.
The wyvern bites you!
* * * LOW HITPOINT WARNING * * *
The wyvern bites you but does no damage.
The yak gores you.
You die...

...........<....#
#.................##
#..................#
##..................#
#..................P# #
###..................#
..###...........kF.......#
...............kSS.......##
................Y..<.......#
.........................P##
.##..#....................#
..######(#................#
.# ##................## .#
#P................# .##
#................P. ..##
#..................


You could see a yak, a cane toad, a water moccasin and 2 wyverns.

Vanquished Creatures
  The ghost of Huasawuy the Grappler, a journeyman TrHW of Okawaru (Lair:3)
  Josephine (Lair:3)
  Harold (D:9)
  An ice dragon (Lair:5)
  2 hydras
  Erica (D:10)
  A boulder beetle (Lair:4)
  8 death yaks
  A skyshark (Lair:3)
  A swamp dragon (Lair:5)
  An ugly thing (D:10)
  An orc knight (Bailey)
  2 wolf spiders (Lair:5)
  9 elephants
  A guardian serpent (Lair:5)
  A torpor snail (Lair:3)
  5 black mambas
  A water nymph (Lair:2)
  13 cane toads
  A gargoyle (D:11)
  10 komodo dragons
  Jeremiah (D:9)
  An unseen horror (D:11)
  5 rime drakes
  A merfolk (Lair:2)
  3 trolls
  Prince Ribbit (D:9)
  17 blink frogs
  3 hornets
  3 shadows (D:11)
  Sigmund (D:3)
  A water elemental (D:11)
  11 wyverns
  68 yaks
  3 wraiths (Lair:3)
  2 redbacks (Lair:5)
  2 basilisks
  3 steam dragons
  3 vampire mosquitoes (D:10)
  5 nagas (Lair:3)
  An acid dragon (Lair:5)
  Duvessa (D:5)
  27 water moccasins
  An ice beast (D:6)
  14 orc warriors
  A sky beast (D:6)
  3 black bears
  14 wolves
  6 centaurs
  4 ogres
  12 kobold brigands
  Blork the orc (D:5)
  A gnoll sergeant (D:8)
  2 scorpions
  13 bullfrogs
  8 wights
  4 killer bees (D:9)
  Dowan (D:5)
  2 electric eels (D:10)
  2 bombardier beetles (D:4)
  5 hounds
  4 jellies
  7 orc priests
  Jessica (D:2)
  19 iguanas
  8 orc wizards
  12 gnolls
  6 adders
  A shadow imp (D:8)
  2 ufetubi (D:5)
  2 ribbon worms (Sewer)
  2 dart slugs
  28 orcs
  3 bats
  6 endoplasms
  3 giant cockroaches
  8 goblins
  8 hobgoblins
  11 jackals
  7 quokkas
  12 ball pythons
  5 frilled lizards
  53 kobolds
  10 rats
538 creatures vanquished.

Vanquished Creatures (others)
  An orc (D:9)
1 creature vanquished.

Grand Total: 539 creatures vanquished

Notes
Turn   | Place    | Note
-------+----------+-------------------------------------------
     0 | D:1      | TacoSundae the Vine Stalker Shapeshifter began the quest
                  | for the Orb.
     0 | D:1      | Reached XP level 1. HP: 9/9 MP: 2/2
   204 | D:1      | Reached XP level 2. HP: 10/14 MP: 1/3
   495 | D:1      | Reached XP level 3. HP: 17/17 MP: 4/4
   579 | D:2      | Found a faded altar of an unknown god.
   641 | D:2      | Noticed Jessica
   646 | D:2      | Killed Jessica
   647 | D:2      | Reached skill level 4 in Unarmed Combat
   647 | D:2      | Reached XP level 4. HP: 15/21 MP: 5/5
   703 | D:2      | Identified the +1 falchion "Jukiajo" {freeze, rF+ Will+}
   963 | D:3      | Found a blossoming altar of Fedhas.
  1001 | D:3      | Found a white marble altar of Elyvilon.
  1021 | D:3      | Identified the +3 dagger "Ceycimis" {freeze, rPois rN+
                  | Will+ Stlth+}
  1132 | D:3      | Found the amulet of Elemental Vulnerability {rPois rF--
                  | rC-- AC+8}
  1269 | D:3      | Reached XP level 5. HP: 18/25 MP: 4/6
  1295 | D:3      | Found a shimmering blue altar of Sif Muna.
  1298 | D:3      | Noticed Sigmund
  1303 | D:3      | Killed Sigmund
  1304 | D:3      | Reached skill level 5 in Unarmed Combat
  1304 | D:3      | Reached XP level 6. HP: 26/29 MP: 7/7
  1518 | D:4      | Reached skill level 5 in Shapeshifting
  1624 | D:4      | Reached XP level 7. HP: 31/32 MP: 8/8
  1680 | D:4      | Reached skill level 6 in Unarmed Combat
  1740 | D:4      | Found a runed translucent door.
  1741 | D:4      | Noticed toela's ghost (amateur GnSh)
  1930 | D:4      | Found an ornate altar of the Wu Jian Council.
  2211 | D:5      | Entered Level 5 of the Dungeon
  2327 | D:5      | Found a glowing drain.
  2337 | Sewer    | Entered a sewer
  2580 | Sewer    | Reached skill level 7 in Unarmed Combat
  2580 | Sewer    | Gained mutation: You have razor-sharp teeth. [Vine Stalker
                  | growth]
  2580 | Sewer    | Reached XP level 8. HP: 33/37 MP: 9/9
  3168 | D:5      | Reached skill level 8 in Unarmed Combat
  3340 | D:5      | Noticed Blork the orc
  3346 | D:5      | Killed Blork the orc
  3499 | D:5      | Reached XP level 9. HP: 37/40 MP: 8/10
  3520 | D:5      | Noticed Duvessa
  3522 | D:5      | Noticed Dowan
  3532 | D:5      | Killed Duvessa
  3542 | D:5      | Killed Dowan
  3578 | D:5      | Reached skill level 1 in Fighting
  3767 | D:5      | Found a runed translucent door.
  3768 | D:5      | Noticed Crazy Yiuf
  4031 | D:6      | Found a shimmering altar of Xom.
  4046 | D:6      | Reached skill level 9 in Unarmed Combat
  4378 | D:6      | Found a snail-covered altar of Cheibriados.
  4391 | D:6      | Found an ancient bone altar of Kikubaaqudgha.
  4617 | D:7      | Found a staircase to the Ecumenical Temple.
  4653 | Temple   | Entered the Ecumenical Temple
  4658 | Temple   | Became a worshipper of Makhleb the Destroyer
  4710 | D:7      | Identified the +2 hand axe "Newt's Doom" {heavy, rC+ Str+3
                  | SInv}
  4745 | D:7      | Found a stormy altar of Qazlal.
  4951 | D:7      | Reached XP level 10. HP: 49/49 MP: 9/11
  4955 | D:7      | Reached skill level 10 in Unarmed Combat
  4992 | D:7      | Found a glowing silver altar of Zin.
  4992 | D:7      | Found a hazy altar of Hepliaklqana.
  5101 | D:7      | Found a sacrificial altar of Ru.
  5534 | D:8      | Found Rionwuoh's Assorted Antiques.
  5595 | D:8      | Found an opulent altar of Gozag.
  5641 | D:8      | Found an iron altar of Okawaru.
  5693 | D:8      | Found a basalt altar of Yredelemnul.
  5851 | D:8      | Reached * piety under Makhleb
  5967 | D:8      | Found a glowing golden altar of the Shining One.
  6525 | D:9      | Noticed Prince Ribbit
  6546 | D:9      | Killed Prince Ribbit
  6667 | D:9      | Found a sparkling altar of Nemelex Xobeh.
  6688 | D:9      | Reached skill level 11 in Unarmed Combat
  6788 | D:9      | Reached ** piety under Makhleb
  6807 | D:9      | Reached XP level 11. HP: 54/54 MP: 12/12
  6895 | D:9      | Noticed Jeremiah
  6914 | D:9      | Killed Jeremiah
  7156 | D:9      | Reached skill level 5 in Fighting
  7254 | D:9      | Identified the +2 dagger of Ovyon {elec, Int+2}
  7267 | D:9      | Noticed Harold
  7280 | D:9      | Killed Harold
  7281 | D:9      | Reached skill level 5 in Dodging
  7437 | D:10     | Entered Level 10 of the Dungeon
  7530 | D:10     | Noticed a cyan ugly thing
  7535 | D:10     | Killed a cyan ugly thing
  7536 | D:10     | Reached skill level 12 in Unarmed Combat
  7584 | D:10     | Found a flagged portal.
  7596 | Bailey   | Entered a bailey
  7603 | Bailey   | Noticed an orc knight
  7858 | Bailey   | Reached skill level 1 in Invocations
  7859 | Bailey   | Reached *** piety under Makhleb
  7892 | Bailey   | Killed an orc knight
  8065 | D:10     | Found a runed translucent door.
  8071 | D:10     | Found a runed translucent door.
  8071 | D:10     | Noticed a sixfirhy
  8071 | D:10     | Noticed a shock serpent
  8071 | D:10     | Noticed a storm dragon
  8071 | D:10     | Found the +5 Storm Queen's Shield {shock, Fly rElec}
  8071 | D:10     | Noticed a sixfirhy
  8072 | D:10     | Found a runed translucent door.
  8072 | D:10     | Noticed a shock serpent
  8072 | D:10     | Noticed a spark wasp
  8127 | D:10     | Noticed a sixfirhy
  8143 | D:10     | Found a runed translucent door.
  8254 | D:10     | Found a staircase to the Lair.
  8423 | D:10     | Reached skill level 10 in Shapeshifting
  8423 | D:10     | Noticed Erica
  8438 | D:10     | Killed Erica
  9159 | D:11     | Identified a scroll of acquirement
  9159 | D:11     | Acquired 789 gold pieces
  9161 | D:11     | acquire never gives talismans i guess
  9219 | D:11     | Reached XP level 12. HP: 61/61 MP: 15/15
  9307 | D:11     | Got the Compendium of the Playwright
  9727 | D:11     | Found a staircase to the Orcish Mines.
 10055 | Lair:1   | Entered Level 1 of the Lair of Beasts
 10760 | Lair:1   | Reached **** piety under Makhleb
 11637 | Lair:2   | Reached skill level 13 in Unarmed Combat
 11644 | Lair:2   | Reached skill level 5 in Invocations
 12069 | Lair:2   | Reached XP level 13. HP: 66/67 MP: 18/18
 12811 | Lair:3   | Reached ***** piety under Makhleb
 13003 | Lair:3   | Found a runed translucent door.
 13004 | Lair:3   | Noticed Huasawuy's ghost (journeyman TrHW)
 13055 | Lair:3   | Found a staircase to the Snake Pit.
 13124 | Lair:3   | Noticed Josephine
 13172 | Lair:3   | Killed Josephine
 13474 | Lair:3   | Killed Huasawuy's ghost
 13487 | Lair:3   | Identified the serpent talisman "Paocha" {rN++ Will- rCorr
                  | Stlth+}
 13575 | Lair:4   | Identified the +3 hand axe "Zaumnam" {holy, rElec Str-4
                  | Dex+5}
 13777 | Lair:4   | Reached skill level 14 in Unarmed Combat
 13777 | Lair:4   | Reached XP level 14. HP: 74/74 MP: 16/20
 14377 | Lair:5   | Entered Level 5 of the Lair of Beasts
 14871 | Lair:5   | Reached ****** piety under Makhleb
 15364 | Lair:5   | HP: 3/91 [cane toad (8)]
 15365 | Lair:5   | HP: 1/91 [wyvern (4)]
 15365 | Lair:5   | Slain by a yak

Illustrated notes

# #. #.
#.#######
###.#.......#
........###.#
###.###.# #h#
#.# #.# #.#
#.# #.# #.#
#.# #.# #.#
#.# ... #.#
### #[# #.#


Turn 9161 on D:11: acquire never gives talismans i guess

Levels and vault maps discovered:
D:1:      erik_arrival_orb_chamber, layout_basic
D:2:      minmay_spotlight, layout_rooms, ebering_ecumenical_altar_sacrificial,
          minmay_misc_feat_columns, uniq_jessica
D:3:      layout_rooms, mainiacjoe_overflow_boulevard,
          mainiacjoe_overflow_24_doors, mainiacjoe_overflow_small_starburst,
          kennysheep_generic_room_11, uniq_sigmund
D:4:      layout_cave_pools, mainiacjoe_overflow_alcove_1, gammafunk_ghost_grave
D:5:      layout_basic, gup_sewer_entry_bubbles, minmay_misc_feat_rugged,
          uniq_crazy_yiuf_cottage, uniq_blork_the_orc, uniq_duvessa
D:6:      layout_rooms, kennysheep_mini, jmf_multi_god_temple2
D:7:      layout_basic, amcnicky_altar_gilded, nicolae_overflow_two_pavilions,
          lemuel_coloured_pillars_altar, temple_pool_b
D:8:      layout_loops_cross, nicolae_gozag_seed_capital,
          general_overflow_altar, mainiacjoe_overflow_surrounded_room,
          kennysheep_little_box, serial_shops, nicolae_stop_n_shop_1
D:9:      layout_irregular_city, nicolae_overflow_crystal_walls, uniq_jeremiah,
          uniq_harold, uniq_prince_ribbit1
D:10:     layout_gridville, erik_lair_island, enter_bailey_2,
          nicolae_guarded_unrand_storm_shield, uniq_erica
D:11:     layout_basic, orc_0_dummy
Temple:   hellmonk_temple_two_chambers
Lair:1:   layout_cave_pods, chequers_serial_rivers_small_3, wad_woods_road_06,
          serial_bayou_shore_b
Lair:2:   beast_lair_carwin_large_3, layout_chaotic_city,
          nicolae_shoals_entry_flooding
Lair:3:   layout_cave_shapes, minmay_snake_entry_guardpost_large,
          gammafunk_ghost_grave, beast_lair_carwin_9, lemuel_fruit_fields,
          infiniplex_staircase_pool, uniq_josephine
Lair:4:   layout_loops_ring
Lair:5:   hangedman_lair_tendril_chambers, layout_long_grid,
          guppyfry_lair_end_dragon, slime_entry_1, uniq_urug

Skill      XL: |  1  2  3  4  5  6  7  8  9 10 11 12 13 14 |
---------------+-------------------------------------------+-----
Unarmed Combat | 4 5 7 8 9 11 12 13 14 | 14.6
Shapeshifting  | 4 5 6 7 8 9 10 11 12 | 12.4
Fighting       | 3 4 6 7 8 9 |  9.7
Dodging        | 3 4 5 7 8 9 |  9.0
Invocations    | 3 5 7 8 |  8.7

Action                     |  1- 3 |  4- 6 |  7- 9 | 10-12 | 13-15 || total
---------------------------+-------+-------+-------+-------+-------++-------
  Melee: Unarmed           |    51 |    62 |   296 |   737 |   561 ||  1707
         Bite              |    11 |    14 |    84 |   315 |   103 ||   527
         Punch             |     1 |     1 |    18 |    87 |    29 ||   136
         Constrict         |       |       |       |       |    74 ||    74
  Throw: Dart              |       |       |    16 |    18 |       ||    34
 Invoke: Minor Destruction |       |       |       |     4 |       ||     4
  Evoke: Wand              |       |       |       |     3 |     1 ||     4
    Use: Potion            |       |     1 |       |     1 |     1 ||     3
         Scroll            |       |       |    12 |     9 |     9 ||    30
   Stab: Sleeping          |     2 |     6 |       |       |     4 ||    12
         Distracted        |       |       |     1 |       |     1 ||     2
 Armour: Animal skin       |    25 |     9 |       |       |       ||    34
         Leather armour    |       |     1 |    91 |   151 |       ||   243
         Troll leather arm |       |       |       |    65 |    66 ||   131
         Skin              |       |       |       |       |   180 ||   180
  Dodge: Dodged            |    56 |    25 |   179 |   367 |   287 ||   914
   Form: Serpent           |       |       |       |       |     1 ||     1
